[Event "POL-chT 2 Liga 2019"]
[Site "Poronin"]
[Date "2019.09.13"]
[Round "7.9"]
[White "Brzeski, Maciej"]
[Black "Licznerski, Lukasz"]
[Result "1-0"]
[ECO "B17"]
[WhiteElo "2339"]
[BlackElo "2356"]
[Annotator "NA"]
[PlyCount "77"]
[EventDate "2019.09.07"]
[EventType "team-tourn"]
[EventCountry "POL"]
[SourceTitle "playchess.com"]
[Source "ChessBase"]
[SourceQuality "1"]
[TimeControl "40/5400+30:1800+30"]

1. e4 c6 2. d4 d5 3. Nc3 dxe4 4. Nxe4 Nd7 5. Ng5 Ngf6 6. Bd3 e6 7. N1f3 Bd6 8. Qe2 h6 9. Ne4 Nxe4 10. Qxe4 Qc7 11. O-O b6 12. Qg4 Kf8 13. b3 Bb7 14. Bb2 Nf6 15. Qh3 Nd5 16. Ne5 Nf4 17. Qe3 Nxd3 18. Qxd3 Rd8 19. Qg3 h5 20. f4 h4 21. Qh3 c5 22. f5 Bxe5 23. dxe5 exf5 24. Qxf5 Rd2 25. Rf2 Rxf2 26. Qxf2 Rh6 27. Rd1 h3 28. Bc1 Rg6 29. Qh4 Rxg2+ 30. Kf1 Ke8 31. Bg5 Rxg5 32. Qxg5 c4 33. Qxg7 Bg2+ 34. Ke1 cxb3 35. Qh8+ Ke7 36. Qf6+ Ke8 37. Qh8+ Ke7 38. Qf6+ Ke8 39. e6 1-0

[Event "POL-chT 2 Liga 2019"]
[Site "Poronin"]
[Date "2019.09.13"]
[Round "7.10"]
[White "Punin, Andrii"]
[Black "Jaskolka, Tomasz"]
[Result "1-0"]
[ECO "C06"]
[WhiteElo "2325"]
[BlackElo "2236"]
[Annotator "NA"]
[PlyCount "83"]
[EventDate "2019.09.07"]
[EventType "team-tourn"]
[EventCountry "POL"]
[SourceTitle "playchess.com"]
[Source "ChessBase"]
[SourceQuality "1"]
[TimeControl "40/5400+30:1800+30"]

1. e4 e6 2. d4 d5 3. Nd2 Nf6 4. e5 Nfd7 5. Bd3 c5 6. c3 Nc6 7. Ne2 cxd4 8. cxd4 f6 9. exf6 Nxf6 10. Nf3 Bd6 11. O-O Qc7 12. Nc3 a6 13. h3 O-O 14. Re1 Bd7 15. Bd2 Qb6 16. Be3 Rae8 17. a3 Kh8 18. b4 Qc7 19. Rc1 b5 20. Ne5 Bxe5 21. dxe5 Qxe5 22. Bc5 Qg5 23. Bxf8 Rxf8 24. Bf1 Ne5 25. Qe2 Nc4 26. Rcd1 Nh5 27. Qg4 Qxg4 28. hxg4 Nf6 29. g5 Ne8 30. Nxd5 exd5 31. Bxc4 bxc4 32. Rxd5 Bb5 33. Re7 Kg8 34. Rd8 g6 35. Rc8 Nd6 36. Rc5 Nf5 37. Ra7 Nd6 38. a4 Ne4 39. Rcc7 Rxf2 40. axb5 axb5 41. Re7 Rf4 42. Ra8+ 1-0

[Event "POL-chT 2 Liga 2019"]
[Site "Poronin"]
[Date "2019.09.13"]
[Round "7.11"]
[White "Pulik, Krzysztof"]
[Black "Kowalczyk, Pawel"]
[Result "0-1"]
[ECO "B06"]
[WhiteElo "2131"]
[BlackElo "2294"]
[Annotator "NA"]
[PlyCount "160"]
[EventDate "2019.09.07"]
[EventType "team-tourn"]
[EventCountry "POL"]
[SourceTitle "playchess.com"]
[Source "ChessBase"]
[SourceQuality "1"]
[TimeControl "40/5400+30:1800+30"]

1. e4 g6 2. d4 Bg7 3. c3 d6 4. Nf3 Nf6 5. Bd3 O-O 6. O-O e5 7. Nbd2 Nc6 8. Re1 Nh5 9. dxe5 dxe5 10. Qc2 Nf4 11. Bf1 Bg4 12. h3 Be6 13. Nc4 Qf6 14. Nh2 Rad8 15. Ne3 Rd7 16. Neg4 Qe7 17. g3 Nh5 18. Nf3 Rfd8 19. Ng5 Bxg4 20. hxg4 Nf6 21. Bc4 Qf8 22. Qe2 Na5 23. Bb3 a6 24. Nh3 Nxb3 25. axb3 Qd6 26. g5 Ne8 27. Kg2 Bf8 28. Be3 Ng7 29. Ng1 Ne6 30. Ra5 c5 31. Nf3 Qc7 32. Raa1 Be7 33. Red1 Qc6 34. Rxd7 Rxd7 35. Qc2 f6 36. gxf6 Bxf6 37. Nh2 h5 38. f3 Qd6 39. Re1 Bg5 40. Nf1 Bxe3 41. Nxe3 Ng5 42. Rd1 Qe6 43. Rxd7 Qxd7 44. Qd1 Qh3+ 45. Kf2 Kh7 46. Ng2 Qh2 47. Qd7+ Kh6 48. Qd2 Qh1 49. Nh4 Qh2+ 50. Ng2 b6 51. Qc1 Qh3 52. Qd2 Qh2 53. Qc1 Qh3 54. Qd2 Qe6 55. c4 Qf6 56. Nh4 Kg7 57. Qd7+ Nf7 58. Ng2 Qd6 59. Qxd6 Nxd6 60. Ke3 g5 61. Kd3 b5 62. cxb5 axb5 63. Ke2 Kf6 64. Ne3 b4 65. Nd5+ Kf7 66. Nb6 Ke6 67. Nc4 Nb5 68. Nd2 Kf6 69. Ke3 h4 70. Kf2 Nc3 71. Kg2 Ne2 72. Nf1 Nc1 73. Nd2 Nd3 74. Kh3 hxg3 75. Kxg3 Nxb2 76. Kg4 Nd3 77. Kh5 Nf4+ 78. Kh6 Ne2 79. Kh5 Nd4 80. Kh6 Nxf3 0-1

[Event "POL-chT 2 Liga 2019"]
[Site "Poronin"]
[Date "2019.09.13"]
[Round "7.12"]
[White "Starosta, Martyna"]
[Black "Lukasiewicz, Anna"]
[Result "1/2-1/2"]
[ECO "B19"]
[WhiteElo "1814"]
[BlackElo "2075"]
[Annotator "NA"]
[PlyCount "162"]
[EventDate "2019.09.07"]
[EventType "team-tourn"]
[EventCountry "POL"]
[SourceTitle "playchess.com"]
[Source "ChessBase"]
[SourceQuality "1"]
[TimeControl "40/5400+30:1800+30"]

1. e4 c6 2. d4 d5 3. Nc3 dxe4 4. Nxe4 Bf5 5. Ng3 Bg6 6. h4 h6 7. Nf3 Nd7 8. h5 Bh7 9. Bd3 Bxd3 10. Qxd3 e6 11. Bd2 Ngf6 12. O-O-O Be7 13. Nf1 Qb6 14. Ne3 O-O-O 15. c4 Qa6 16. Kb1 Nd5 17. Qc2 Nxe3 18. fxe3 Kb8 19. e4 f5 20. Bf4+ Ka8 21. exf5 exf5 22. Qxf5 Nf6 23. Ne5 Rhe8 24. Rhe1 Qa5 25. Qg6 Rxd4 26. Qxg7 Rxf4 27. Ng6 Re4 28. Rxe4 Nxe4 29. Nxe7 Nd2+ 30. Kc1 Nxc4 31. Qf7 Qg5+ 32. Kb1 Rb8 33. Qxc4 Qxe7 34. Qf4 Qe2 35. Qf3 Qe5 36. a3 a6 37. Qg4 Rf8 38. Ka1 Rf4 39. Qg6 Rf6 40. Qg4 c5 41. Qg8+ Ka7 42. g4 Rb6 43. Rb1 Qe3 44. Qd5 Rf6 45. Rh1 Rf4 46. g5 Rf2 47. gxh6 Rd2 48. Qc4 Qxh6 49. Qxc5+ Ka8 50. Qe5 Rg2 51. Rd1 Rg8 52. Rh1 Rc8 53. Ka2 Qc6 54. Re1 Qc4+ 55. Ka1 Qh4 56. Rd1 Rf8 57. Qg7 Rf6 58. Qg8+ Ka7 59. Qg1+ Qf2 60. Qxf2+ Rxf2 61. Rd8 Rh2 62. Rh8 Kb6 63. h6 a5 64. Kb1 Ka7 65. h7 b6 66. Kc1 Kb7 67. Kd1 Ka7 68. Ke1 Kb7 69. Kf1 Ka7 70. Kg1 Rh5 71. Kg2 Kb7 72. b4 axb4 73. axb4 Ka7 74. Kg3 Kb7 75. Kf4 Rh1 76. Ke4 Rh4+ 77. Kd5 Rh1 78. Kc4 Rh4+ 79. Kb5 Rh5+ 80. Ka4 Rh3 81. Rd8 Rg3 1/2-1/2

[Event "POL-chT 2 Liga 2019"]
[Site "Poronin"]
[Date "2019.09.13"]
[Round "7.13"]
[White "Molenda, Marcin"]
[Black "Maciejczak, Jakub"]
[Result "0-1"]
[ECO "E09"]
[WhiteElo "2373"]
[BlackElo "2383"]
[Annotator "NA"]
[PlyCount "66"]
[EventDate "2019.09.07"]
[EventType "team-tourn"]
[EventCountry "POL"]
[SourceTitle "playchess.com"]
[Source "ChessBase"]
[SourceQuality "1"]
[TimeControl "40/5400+30:1800+30"]

1. d4 d5 2. c4 e6 3. Nf3 Nf6 4. g3 Be7 5. Bg2 O-O 6. O-O c6 7. Nbd2 Nbd7 8. Qc2 b6 9. e4 dxc4 10. Nxc4 Bb7 11. Rd1 h6 12. Bf4 c5 13. d5 exd5 14. exd5 Bxd5 15. Rd2 Qc8 16. Rad1 Bc6 17. Nd6 Bxd6 18. Rxd6 Be4 19. Qc3 Qb7 20. Qa3 Rfe8 21. h3 b5 22. Ne1 Bxg2 23. Nxg2 Nf8 24. Qxc5 Ne4 25. Qc2 Nxd6 26. Rxd6 Ne6 27. Be3 Rad8 28. Rc6 Rc8 29. Rxc8 Rxc8 30. Qf5 a6 31. Kh2 Rd8 32. Nh4 Rd1 33. Nf3 Qd5 0-1

[Event "POL-chT 2 Liga 2019"]
[Site "Poronin"]
[Date "2019.09.13"]
[Round "7.14"]
[White "Dudzinski, Piotr"]
[Black "Czerw, Dawid"]
[Result "1/2-1/2"]
[ECO "B22"]
[WhiteElo "2355"]
[BlackElo "2269"]
[Annotator "NA"]
[PlyCount "36"]
[EventDate "2019.09.07"]
[EventType "team-tourn"]
[EventCountry "POL"]
[SourceTitle "playchess.com"]
[Source "ChessBase"]
[SourceQuality "1"]
[TimeControl "40/5400+30:1800+30"]

1. e4 c5 2. c3 d5 3. exd5 Qxd5 4. d4 Nf6 5. Nf3 e6 6. Be2 Be7 7. O-O O-O 8. Be3 cxd4 9. cxd4 Nc6 10. Nc3 Qd6 11. Rc1 Nb4 12. Nb5 Qd8 13. Nc7 Rb8 14. d5 Nxa2 15. Bxa7 Nxc1 16. Qxc1 Bd7 17. Bxb8 Qxb8 18. dxe6 Rc8 1/2-1/2

[Event "POL-chT 2 Liga 2019"]
[Site "Poronin"]
[Date "2019.09.13"]
[Round "7.15"]
[White "Niedbala, Bartlomiej"]
[Black "Janaszak, Dawid"]
[Result "1/2-1/2"]
[ECO "A45"]
[WhiteElo "2145"]
[BlackElo "2351"]
[Annotator "NA"]
[PlyCount "89"]
[EventDate "2019.09.07"]
[EventType "team-tourn"]
[EventCountry "POL"]
[SourceTitle "playchess.com"]
[Source "ChessBase"]
[SourceQuality "1"]
[TimeControl "40/5400+30:1800+30"]

1. d4 Nf6 2. Bf4 g6 3. e3 Bg7 4. Nf3 O-O 5. h3 b6 6. Be2 Bb7 7. O-O d6 8. c4 Nbd7 9. Nc3 Ne4 10. Nxe4 Bxe4 11. Bh2 c5 12. Nd2 Bb7 13. Bf3 Qc8 14. Bxb7 Qxb7 15. Nf3 Rfc8 16. Qe2 Rab8 17. Rac1 a6 18. b3 b5 19. Rfd1 bxc4 20. Rxc4 cxd4 21. Nxd4 Rxc4 22. Qxc4 Rc8 23. Qe2 Nf6 24. Qf3 Ne4 25. Ne2 d5 26. Rc1 Bb2 27. Rxc8+ Qxc8 28. g4 Qc2 29. Ng3 Be5 30. Nxe4 dxe4 31. Qh1 Bf6 32. Bg3 Kg7 33. a4 h5 34. gxh5 gxh5 35. Qg2 Kh8 36. h4 a5 37. Kh2 e6 38. Qh1 Bg7 39. Qf1 Qxb3 40. Qb5 Qd5 41. Qe8+ Kh7 42. Qxf7 Qf5 43. Qe8 Be5 44. Qe7+ Kg6 45. Kg1 1/2-1/2

[Event "POL-chT 2 Liga 2019"]
[Site "Poronin"]
[Date "2019.09.13"]
[Round "7.16"]
[White "Malovanyi, Yulian"]
[Black "Galuszka, Tomasz"]
[Result "1/2-1/2"]
[ECO "B12"]
[WhiteElo "2320"]
[BlackElo "2222"]
[Annotator "NA"]
[PlyCount "54"]
[EventDate "2019.09.07"]
[EventType "team-tourn"]
[EventCountry "POL"]
[SourceTitle "playchess.com"]
[Source "ChessBase"]
[SourceQuality "1"]
[TimeControl "40/5400+30:1800+30"]

1. e4 c6 2. d4 d5 3. e5 Bf5 4. Nd2 e6 5. Nb3 Nd7 6. Nf3 Bg6 7. Be2 Nh6 8. O-O Nf5 9. a4 h5 10. a5 a6 11. c4 dxc4 12. Nbd2 h4 13. Nxc4 Be7 14. Be3 Kf8 15. Nfd2 Kg8 16. Bf3 Nf8 17. Ne4 Nh7 18. Nc5 Rb8 19. Qb3 Ng5 20. Bxg5 Bxg5 21. Rfd1 Be7 22. Qc3 Bh5 23. Bxh5 Rxh5 24. Nb6 Qc7 25. Rac1 Rd8 26. Ne4 Qb8 27. Nc5 Qc7 1/2-1/2

[Event "POL-chT 2 Liga 2019"]
[Site "Poronin"]
[Date "2019.09.13"]
[Round "7.17"]
[White "Koloczek, Maciej"]
[Black "Chmielarz, Maciej"]
[Result "1-0"]
[ECO "B12"]
[WhiteElo "1932"]
[BlackElo "2008"]
[Annotator "NA"]
[PlyCount "55"]
[EventDate "2019.09.07"]
[EventType "team-tourn"]
[EventCountry "POL"]
[SourceTitle "playchess.com"]
[Source "ChessBase"]
[SourceQuality "1"]
[TimeControl "40/5400+30:1800+30"]

1. e4 c6 2. d4 d5 3. e5 c5 4. dxc5 e6 5. a3 Bxc5 6. b4 Bb6 7. Nf3 Ne7 8. Bd3 Ng6 9. O-O Nd7 10. Bb2 Nf4 11. c4 g5 12. cxd5 Nxd5 13. Nc3 Nxc3 14. Bxc3 Bc7 15. Qe2 g4 16. Nd2 Nb6 17. Bb5+ Bd7 18. Ne4 Bxb5 19. Qxb5+ Kf8 20. Rfd1 Qe7 21. Bd4 a6 22. Qe2 Na4 23. Rac1 Bb6 24. Ba1 Rd8 25. Nf6 h5 26. Qc2 Rxd1+ 27. Rxd1 Qc7 28. Qxa4 1-0

[Event "POL-chT 2 Liga 2019"]
[Site "Poronin"]
[Date "2019.09.13"]
[Round "7.18"]
[White "Czerwinska, Milena"]
[Black "Adamczyk, Zuzanna"]
[Result "1-0"]
[ECO "B40"]
[WhiteElo "2006"]
[BlackElo "1938"]
[Annotator "NA"]
[PlyCount "89"]
[EventDate "2019.09.07"]
[EventType "team-tourn"]
[EventCountry "POL"]
[SourceTitle "playchess.com"]
[Source "ChessBase"]
[SourceQuality "1"]
[TimeControl "40/5400+30:1800+30"]

1. e4 c5 2. Nf3 e6 3. c3 Nf6 4. e5 Nd5 5. d4 cxd4 6. cxd4 Nc6 7. Nc3 Nxc3 8. bxc3 d6 9. exd6 Qxd6 10. Bd3 Be7 11. O-O O-O 12. Qe2 Bd7 13. Re1 Rfe8 14. Bg5 h6 15. Bxe7 Rxe7 16. Rad1 Qf4 17. Bc2 Rc8 18. Qd3 g6 19. h4 Qc7 20. Qd2 Kg7 21. c4 Na5 22. c5 Bc6 23. Ne5 Bd5 24. h5 Nc4 25. Nxc4 Bxc4 26. hxg6 f5 27. Qe3 Kxg6 28. Bxf5+ Kf7 29. Bb1 Rg8 30. Qxh6 Ke8 31. Qh5+ Kd8 32. Qe5 Rxg2+ 33. Kxg2 Rg7+ 34. Kf3 Bd5+ 35. Be4 Rf7+ 36. Ke3 Qa5 37. Bxd5 Qc3+ 38. Ke2 Qb2+ 39. Rd2 Qb5+ 40. Kd1 Qb1+ 41. Ke2 Qb5+ 42. Ke3 exd5 43. Qxd5+ Ke8 44. f3 Rh7 45. Qg8+ {[%emt 0:00:13] Rh8 Qg6+} 1-0

[Event "POL-chT 2 Liga 2019"]
[Site "Poronin"]
[Date "2019.09.13"]
[Round "7.19"]
[White "Bobula, Mateusz"]
[Black "Pakleza, Zbigniew"]
[Result "0-1"]
[ECO "A40"]
[WhiteElo "2326"]
[BlackElo "2491"]
[Annotator "ChessBase"]
[PlyCount "114"]
[EventDate "2019.09.07"]
[EventType "team-tourn"]
[EventCountry "POL"]
[SourceTitle "playchess.com"]
[Source "ChessBase"]
[SourceQuality "1"]
[TimeControl "40/5400+30:1800+30"]

1. d4 g6 2. Nf3 Bg7 3. g3 c5 4. c3 Qb6 5. dxc5 Qxc5 6. Bg2 Nf6 7. O-O O-O 8. Nbd2 Qc7 9. e4 Nc6 10. Qe2 d6 11. b3 d5 12. Bb2 dxe4 13. Nxe4 Nxe4 14. Qxe4 Bf5 15. Qa4 Rab8 16. Rfe1 b5 17. Qh4 Rfd8 18. Rac1 h5 19. Qg5 Bf6 20. Qh6 Bg7 21. Qe3 Rd3 22. Qc5 Qb6 23. Qxb6 Rxb6 24. Nd4 Nxd4 25. cxd4 Rd2 26. Bc3 Rxa2 27. Rxe7 b4 28. Be1 Bxd4 29. Bd5 Be6 30. Bxe6 Rxe6 31. Rc8+ Kg7 32. Rxe6 fxe6 33. Bxb4 Bxf2+ 34. Kf1 Bd4 35. Bc3 Bxc3 36. Rxc3 Rxh2 37. Rc7+ Kf6 38. Rxa7 Rb2 39. Rb7 Kf5 40. Rb4 e5 41. Kg1 e4 42. Kf1 g5 43. Kg1 Kg4 44. Rxe4+ Kxg3 45. Re3+ Kh4 46. Rc3 g4 47. Rd3 g3 48. b4 Kh3 49. Rd1 h4 50. b5 Rxb5 51. Ra1 Rb3 52. Rc1 Kg4 53. Ra1 Rb4 54. Rc1 h3 55. Ra1 h2+ 56. Kg2 Rb2+ 57. Kh1 Kh3 0-1

[Event "POL-chT 2 Liga 2019"]
[Site "Poronin"]
[Date "2019.09.13"]
[Round "7.20"]
[White "Jakubiec, Artur"]
[Black "Kyc, Jerzy"]
[Result "1/2-1/2"]
[ECO "B22"]
[WhiteElo "2472"]
[BlackElo "2309"]
[Annotator "ChessBase"]
[PlyCount "89"]
[EventDate "2019.09.07"]
[EventType "team-tourn"]
[EventCountry "POL"]
[SourceTitle "playchess.com"]
[Source "ChessBase"]
[SourceQuality "1"]
[TimeControl "40/5400+30:1800+30"]

1. e4 c5 2. c3 Nf6 3. e5 Nd5 4. Nf3 Nc6 5. g3 d6 6. exd6 exd6 7. Bg2 Be7 8. O-O O-O 9. d4 Bg4 10. h3 Bh5 11. Na3 Nb6 12. Nc2 d5 13. dxc5 Bxc5 14. Be3 Bxe3 15. Nxe3 Re8 16. Qb3 Bg6 17. a4 Rb8 18. Rfd1 Be4 19. a5 Nd7 20. Nxd5 Nxa5 21. Qa3 Nc6 22. c4 a5 23. Qc3 Nc5 24. Nd4 Bxg2 25. Kxg2 Nxd4 26. Rxd4 Ne6 27. Re4 b6 28. Rae1 Qd7 29. Rg4 Kh8 30. Nf6 Qb7+ 31. Kh2 Red8 32. Rh4 Nf8 33. Nh5 f6 34. Rhe4 Qc6 35. Re7 Qc5 36. Qf3 Rd7 37. R7e4 Rbd8 38. Nf4 Rd2 39. R1e2 b5 40. Ne6 Nxe6 41. Rxe6 Rxe2 42. Qxe2 Qxc4 43. Re8+ Rxe8 44. Qxe8+ Qg8 45. Qxb5 1/2-1/2

[Event "POL-chT 2 Liga 2019"]
[Site "Poronin"]
[Date "2019.09.13"]
[Round "7.21"]
[White "Gesicki, Jacek"]
[Black "Tymrakiewicz, Rafal"]
[Result "1-0"]
[ECO "B14"]
[WhiteElo "2234"]
[BlackElo "2257"]
[Annotator "NA"]
[PlyCount "176"]
[EventDate "2019.09.07"]
[EventType "team-tourn"]
[EventCountry "POL"]
[SourceTitle "playchess.com"]
[Source "ChessBase"]
[SourceQuality "1"]
[TimeControl "40/5400+30:1800+30"]

1. e4 c6 2. d4 d5 3. exd5 cxd5 4. c4 Nf6 5. Nc3 g6 6. cxd5 Bg7 7. Bb5+ Bd7 8. Bc4 O-O 9. Nge2 b5 10. Bb3 a6 11. O-O Bc8 12. Bf4 Bb7 13. Rc1 Re8 14. a3 Qb6 15. Qd3 Nbd7 16. Rfd1 Rac8 17. Ng3 Red8 18. h3 Qa7 19. d6 exd6 20. Bxd6 Nb6 21. Be5 Nc4 22. Bxc4 Rxc4 23. Nce2 Bd5 24. Rxc4 bxc4 25. Qd2 Qb7 26. f3 Be6 27. Nc3 Ne4 28. Qe1 Nxg3 29. Qxg3 f6 30. Bc7 Rd7 31. Ba5 f5 32. Qf2 Bf7 33. Bb4 h6 34. Bc5 Qc6 35. Re1 Bf6 36. Kh1 Qc7 37. Qe3 Kg7 38. Ne2 Qb8 39. Qc1 Bh4 40. Rd1 Bg5 41. f4 Bf6 42. Nc3 Qb7 43. Qd2 Qc6 44. Qf2 Kh7 45. Re1 Qb7 46. Rd1 Rd8 47. Rd2 Rd7 48. Qe2 Qc7 49. Qf3 Rd8 50. Re2 Kg7 51. Qf2 Qd7 52. d5 Bxd5 53. Bb6 Rb8 54. Rd2 Bxc3 55. bxc3 Qc6 56. Bd4+ Kh7 57. Qh4 Re8 58. Be5 Qe6 59. Qf2 Rd8 60. Qc5 g5 61. Kh2 g4 62. hxg4 fxg4 63. Qf2 Rd7 64. Qh4 Qf7 65. Rb2 g3+ 66. Qxg3 Qh5+ 67. Qh3 Qxh3+ 68. Kxh3 Be6+ 69. g4 Rd3+ 70. Kh4 Bd7 71. Rb8 Kg6 72. Rb6+ Kh7 73. Rxa6 h5 74. Kxh5 Be8+ 75. Kg5 Rd5 76. Ra8 Kg8 77. Rxe8+ Kf7 78. Rc8 Ra5 79. Rxc4 Rxa3 80. Kf5 Ra5 81. g5 Ra8 82. Rc7+ Kg8 83. Rg7+ Kf8 84. Rh7 Ra2 85. g6 Rg2 86. Rh8+ Ke7 87. g7 Kd7 88. g8=Q Ke7 1-0

[Event "POL-chT 2 Liga 2019"]
[Site "Poronin"]
[Date "2019.09.13"]
[Round "7.22"]
[White "Szoen, Dariusz"]
[Black "Sendera, Jaroslaw"]
[Result "1/2-1/2"]
[ECO "B24"]
[WhiteElo "2415"]
[BlackElo "2203"]
[Annotator "NA"]
[PlyCount "42"]
[EventDate "2019.09.07"]
[EventType "team-tourn"]
[EventCountry "POL"]
[SourceTitle "playchess.com"]
[Source "ChessBase"]
[SourceQuality "1"]
[TimeControl "40/5400+30:1800+30"]

1. e4 c5 2. Nc3 Nc6 3. Bb5 Nd4 4. Bc4 e6 5. Nge2 a6 6. a4 Nf6 7. O-O d5 8. exd5 exd5 9. Ba2 Nxe2+ 10. Qxe2+ Be7 11. d3 d4 12. Ne4 Nxe4 13. Qxe4 O-O 14. Re1 Bd6 15. Bf4 Bxf4 16. Qxf4 b6 17. Re5 Ra7 18. Rae1 h6 19. a5 b5 20. Qd2 Rc7 21. h3 Bb7 1/2-1/2

[Event "POL-chT 2 Liga 2019"]
[Site "Poronin"]
[Date "2019.09.13"]
[Round "7.23"]
[White "Polok, Rafal"]
[Black "Gmaj, Krzysztof"]
[Result "0-1"]
[ECO "C01"]
[WhiteElo "2053"]
[BlackElo "2120"]
[Annotator "NA"]
[PlyCount "72"]
[EventDate "2019.09.07"]
[EventType "team-tourn"]
[EventCountry "POL"]
[SourceTitle "playchess.com"]
[Source "ChessBase"]
[SourceQuality "1"]
[TimeControl "40/5400+30:1800+30"]

1. e4 e6 2. d4 d5 3. exd5 exd5 4. c4 Nf6 5. Nc3 Be7 6. Bd3 Nc6 7. cxd5 Nxd5 8. Be4 Nf6 9. Bxc6+ bxc6 10. Be3 O-O 11. Nge2 Bf5 12. O-O Rb8 13. Ng3 Bg6 14. Qa4 Rxb2 15. Qxc6 h5 16. h3 h4 17. Nge2 Re8 18. Nf4 Bf5 19. Rfd1 Bd6 20. Rac1 Ne4 21. Nfd5 Re6 22. Qc4 Rg6 23. Na4 Bxh3 24. Nxb2 Bxg2 25. f3 Bxf3+ 26. Kf1 Qd7 27. Rd2 Qh3+ 28. Ke1 Bg3+ 29. Rf2 Nxf2 30. Bxf2 Re6+ 31. Kd2 Bxf2 32. Nd3 Bxd5 33. Qxd5 Be3+ 34. Kc2 Qh2+ 35. Kc3 Qd2+ 36. Kc4 Qxa2+ 0-1

[Event "POL-chT 2 Liga 2019"]
[Site "Poronin"]
[Date "2019.09.13"]
[Round "7.24"]
[White "Kubicka, Anna"]
[Black "Trybowska, Barbara"]
[Result "1-0"]
[ECO "B23"]
[WhiteElo "2225"]
[BlackElo "1689"]
[Annotator "NA"]
[PlyCount "109"]
[EventDate "2019.09.07"]
[EventType "team-tourn"]
[EventCountry "POL"]
[SourceTitle "playchess.com"]
[Source "ChessBase"]
[SourceQuality "1"]
[TimeControl "40/5400+30:1800+30"]

1. e4 c5 2. Ne2 Nc6 3. Nbc3 e6 4. g3 d5 5. Bg2 Nf6 6. O-O d4 7. Nb1 e5 8. d3 Bd6 9. Nd2 h5 10. Nc4 b5 11. Nxd6+ Qxd6 12. h3 h4 13. g4 Bd7 14. Kh1 Nh7 15. f4 f6 16. a4 b4 17. c3 g5 18. fxg5 Nxg5 19. cxd4 cxd4 20. a5 Rb8 21. Qb3 Qe7 22. Bxg5 fxg5 23. Ng1 Be6 24. Qa4 Bd7 25. Qd1 Rf8 26. Qd2 Nd8 27. Rf5 Bxf5 28. exf5 Rc8 29. Nf3 Nf7 30. Re1 Qd6 31. f6 b3 32. a6 Kd7 33. Qa5 Rc6 34. Qa4 Rfc8 35. Qxb3 Qxf6 36. Qd5+ Rd6 37. Qb5+ Kd8 38. Qa5+ Kd7 39. Rf1 Qe6 40. Nd2 Rxa6 41. Qb5+ Kd8 42. Bd5 Nd6 43. Bxe6 Nxb5 44. Rf8+ Ke7 45. Bxc8 Rc6 46. Rf5 Rxc8 47. Rxe5+ Kd6 48. Re2 Kd5 49. Nf3 Rc1+ 50. Kg2 Rd1 51. Re5+ Kc6 52. Rxg5 Rb1 53. Ne5+ Kc5 54. Nc4+ Kb4 55. Rxb5+ 1-0

[Event "POL-chT 2 Liga 2019"]
[Site "Poronin"]
[Date "2019.09.13"]
[Round "7.25"]
[White "Stachowiak, Kamil"]
[Black "Chojnacki, Krzysztof"]
[Result "1/2-1/2"]
[ECO "E63"]
[WhiteElo "2444"]
[BlackElo "2362"]
[Annotator "NA"]
[PlyCount "65"]
[EventDate "2019.09.07"]
[EventType "team-tourn"]
[EventCountry "POL"]
[SourceTitle "playchess.com"]
[Source "ChessBase"]
[SourceQuality "1"]
[TimeControl "40/5400+30:1800+30"]

1. d4 Nf6 2. c4 g6 3. Nf3 Bg7 4. g3 O-O 5. Bg2 d6 6. O-O Nc6 7. Nc3 a6 8. b3 Rb8 9. Nd5 Nxd5 10. cxd5 Nb4 11. Ne1 c6 12. dxc6 Nxc6 13. Bb2 d5 14. e3 Qa5 15. Nd3 Bf5 16. Nf4 Rfd8 17. g4 Bc8 18. Nd3 Qc7 19. f4 Qd6 20. h3 b6 21. Rc1 a5 22. Rf2 Ba6 23. Ne5 Rbc8 24. Nxc6 Rxc6 25. Rxc6 Qxc6 26. Rc2 Qe8 27. Qc1 e6 28. Ba3 Bf8 29. Bxf8 Qxf8 30. Bf1 Bb7 31. Rc7 Rc8 32. Rxc8 Qxc8 33. Qxc8+ 1/2-1/2

[Event "POL-chT 2 Liga 2019"]
[Site "Poronin"]
[Date "2019.09.13"]
[Round "7.26"]
[White "Raczynski, Krzysztof"]
[Black "Dobrowolski, Piotr"]
[Result "0-1"]
[ECO "A02"]
[WhiteElo "2244"]
[BlackElo "2415"]
[Annotator "NA"]
[PlyCount "72"]
[EventDate "2019.09.07"]
[EventType "team-tourn"]
[EventCountry "POL"]
[SourceTitle "playchess.com"]
[Source "ChessBase"]
[SourceQuality "1"]
[TimeControl "40/5400+30:1800+30"]

1. f4 b6 2. e4 Bb7 3. Nc3 e6 4. d4 Bb4 5. Bd3 Nf6 6. Qe2 d5 7. e5 Ne4 8. Bd2 Bxc3 9. bxc3 Qh4+ 10. g3 Qe7 11. Nh3 Nd7 12. Nf2 f5 13. exf6 Ndxf6 14. a4 a5 15. Bb5+ Kf7 16. Nd3 Rhc8 17. O-O Kg8 18. Ne5 c5 19. Ra2 Nd6 20. Rb1 Rc7 21. Rab2 c4 22. Rf1 Nfe4 23. Rf3 Nf7 24. Rb1 Nxe5 25. fxe5 Rf8 26. Rbf1 Rxf3 27. Rxf3 Rc8 28. Bc1 Bc6 29. Bxc6 Rxc6 30. Rf4 Rc8 31. Qg4 Rf8 32. h4 Rxf4 33. Bxf4 Nxc3 34. h5 Ne4 35. Kg2 Kh8 36. Qh4 Qd7 0-1

[Event "POL-chT 2 Liga 2019"]
[Site "Poronin"]
[Date "2019.09.13"]
[Round "7.27"]
[White "Piotrowski, Przemyslaw"]
[Black "Bardeli, Lukasz"]
[Result "1-0"]
[ECO "D79"]
[WhiteElo "2293"]
[BlackElo "2144"]
[Annotator "NA"]
[PlyCount "103"]
[EventDate "2019.09.07"]
[EventType "team-tourn"]
[EventCountry "POL"]
[SourceTitle "playchess.com"]
[Source "ChessBase"]
[SourceQuality "1"]
[TimeControl "40/5400+30:1800+30"]

1. Nf3 d5 2. d4 Nf6 3. g3 g6 4. Bg2 Bg7 5. O-O O-O 6. c4 c6 7. cxd5 cxd5 8. Nc3 e6 9. Bf4 Nc6 10. Ne5 Bd7 11. e4 dxe4 12. Nxe4 Nd5 13. Bg5 f6 14. Nc5 Bc8 15. Nxc6 bxc6 16. Bd2 f5 17. Qa4 Qd6 18. Rac1 Kh8 19. Rfe1 Re8 20. b3 Rb8 21. Bxd5 Qxd5 22. Bf4 Rb5 23. Be5 Re7 24. Bxg7+ Kxg7 25. Re5 Qd6 26. Rce1 a5 27. a3 Kf7 28. Qc4 Rb8 29. Qc3 Bd7 30. R1e3 Rbe8 31. Kg2 Bc8 32. Rd3 Ra7 33. Qc4 Rae7 34. Qc1 Kg8 35. Qc4 Kf7 36. h3 Kg8 37. Rde3 Kf7 38. g4 Kg7 39. Qc3 Kg8 40. Qc4 Kg7 41. a4 Kh8 42. Rd3 Qc7 43. Qc3 Kg8 44. Qd2 Rd8 45. Qg5 Kf7 46. Qh4 Rxd4 47. Qxh7+ Kf6 48. Qh8+ Rg7 49. Rxd4 Kxe5 50. Rd8 f4 51. Rxc8 f3+ 52. Kg1 1-0

[Event "POL-chT 2 Liga 2019"]
[Site "Poronin"]
[Date "2019.09.13"]
[Round "7.28"]
[White "Butyrowski, Marcel"]
[Black "Fudalej, Michal"]
[Result "1-0"]
[ECO "D35"]
[WhiteElo "1873"]
[BlackElo "2235"]
[Annotator "NA"]
[PlyCount "65"]
[EventDate "2019.09.07"]
[EventType "team-tourn"]
[EventCountry "POL"]
[SourceTitle "playchess.com"]
[Source "ChessBase"]
[SourceQuality "1"]
[TimeControl "40/5400+30:1800+30"]

1. d4 d5 2. c4 e6 3. Nc3 Nf6 4. cxd5 exd5 5. Bg5 Be7 6. e3 c6 7. Bd3 Ne4 8. Bf4 Nd6 9. Qc2 Nd7 10. Nf3 Nf6 11. h3 g6 12. a3 Bf5 13. O-O O-O 14. b4 Nfe4 15. Nd2 Nxd2 16. Qxd2 Nc4 17. Bxc4 dxc4 18. e4 Be6 19. b5 cxb5 20. d5 Bd7 21. e5 b4 22. axb4 Bxb4 23. Rab1 Qa5 24. Rxb4 Qxb4 25. Bg5 f6 26. Bxf6 Bf5 27. d6 Rf7 28. Qd4 Rc8 29. Nd5 Qc5 30. Qd1 c3 31. Ne7+ Rxe7 32. dxe7 Re8 33. Qb3+ {[%emt 0:00:20] Rc8 Qd1 Qc6} 1-0

[Event "POL-chT 2 Liga 2019"]
[Site "Poronin"]
[Date "2019.09.13"]
[Round "7.29"]
[White "Kolasinski, Krzysztof"]
[Black "Wojdak, Jan"]
[Result "1/2-1/2"]
[ECO "B20"]
[WhiteElo "2104"]
[BlackElo "1973"]
[Annotator "NA"]
[PlyCount "58"]
[EventDate "2019.09.07"]
[EventType "team-tourn"]
[EventCountry "POL"]
[SourceTitle "playchess.com"]
[Source "ChessBase"]
[SourceQuality "1"]
[TimeControl "40/5400+30:1800+30"]

1. e4 c5 2. b3 d6 3. Bb2 e5 4. Bc4 Nf6 5. d3 Be7 6. Ne2 Nc6 7. O-O O-O 8. Nbc3 Be6 9. f4 Nd4 10. Qd2 a6 11. a4 Bxc4 12. bxc4 b6 13. Nd5 Nxd5 14. cxd5 Nxe2+ 15. Qxe2 f6 16. c4 Qd7 17. Ra2 b5 18. Rfa1 bxc4 19. dxc4 Rab8 20. Ra3 Rb7 21. Bc1 Rfb8 22. f5 Rb3 23. Qc2 Qb7 24. Kf1 Rxa3 25. Rxa3 Qb1 26. Ra2 Rb4 27. a5 Bd8 28. Ke2 Qxc2+ 29. Rxc2 Kf7 1/2-1/2